 Dungeon Crawl Stone Soup version 0.32-a0-350-g4f4d228785 (webtiles) character file.

Game seed: 14734101627512304813

191 innerfire43 the Trooper (level 5, -3/38 HPs)
             Began as a Demonspawn Monk on Feb 17, 2024.
             Was a Priest of Hepliaklqana.
             Slain by an ogre
             ... wielding a +0 giant club
              (33 damage)
             ... on level 3 of the Dungeon.
             The game lasted 00:02:34 (2575 turns).

innerfire43 the Trooper (Demonspawn Monk)           Turns: 2575, Time: 00:02:35

Health: -3/38      AC:  6    Str: 14    XL:     5   Next: 42%
Magic:  5/5        EV: 12    Int: 10    God:    Hepliaklqana [***...]
Gold:   129        SH:  0    Dex: 15    Spells: 4/4 levels left

rFire   . . .        a - +0 hand axe
rCold   . . .        d - orb {light}
rNeg    . . .        h - +0 ring mail {rPois}
rPois   +            (no helmet)
rElec   .            (no cloak)
rCorr   .            (no gloves)
SInv    .            l - +0 pair of boots
Will    .....        (no amulet)
Stlth   +            (no ring)
HPRegen 0.26/turn    (no ring)
MPRegen 0.09/turn

%: no passive effects
@: glowing
A: reduced essence, claws 1, hooves 1
a: Renounce Religion, Recall Ancestor, Ancestor Identity, Transference


You were on level 3 of the Dungeon.
You worshipped Hepliaklqana.
Hepliaklqana was most pleased with you.
You visited 1 branch of the dungeon, and saw 3 of its levels.

You collected 129 gold pieces.

Inventory:

Hand Weapons
 a - a +0 hand axe (weapon)
Armour
 b - a +0 robe
 d - an orb of light (worn)
 h - a +0 ring mail of poison resistance (worn)
 l - a +0 pair of boots (worn)
Wands
 m - a wand of mindburst (4)
Scrolls
 f - a scroll of blinking {unknown}
 j - 3 scrolls of fog {unknown}
 k - a scroll of identify {unknown}
Potions
 c - a potion of ambrosia
 e - 3 potions of curing {unknown}
 g - a potion of invisibility {unknown}
 i - a potion of attraction {unknown}
 n - a potion of mutation {unknown}


   Skills:
 + Level 4.3 Fighting
 + Level 3.9 Axes
 + Level 3.9 Dodging


You had 4 spell levels left.
You didn't know any spells.
Your spell library contained the following spells:

 Spells                   Type           Power      Damage    Failure   Level
 Apportation              Tloc           0%         N/A       61%         1
 Slow                     Hex            0%         N/A       61%         1
 Jinxbite                 Hex            0%         N/A       75%         2
 Confusing Touch          Hex            0%         N/A       93%         3
 Hailstorm                Conj/Ice       0%         3d5       93%         3
 Sigil of Binding         Hex            0%         N/A       93%         3
 Summon Ice Beast         Ice/Summ       0%         N/A       93%         3
 Vampiric Draining        Necr           0%         2d6       93%         3
 Alistair's Intoxication  Alch           0%         N/A       100%        5
 Summon Mana Viper        Hex/Summ       0%         N/A       100%        5
 Sculpt Simulacrum        Ice/Alch       0%         N/A       100%        6
 Monstrous Menagerie      Summ           0%         N/A       100%        7


Dungeon Overview and Level Annotations

Branches:
Dungeon (3/15)

Altars:
Hepliaklqana

Shops:
D:2 [

Annotations:
D:3 1 transporter, Fractals's ghost, amateur MDFi


Innate Abilities, Weirdness & Mutations

Your life essence is reduced to manifest your ancestor. (-10% HP)
You have sharp fingernails.
You have large cloven feet.


Message History

You see here a giant cockroach corpse.
There is an open door here.
Partly explored, unvisited transporter.
No target in view!
Key pressed, stopping explore.
Unknown command.
No target in view!
Partly explored, unvisited transporter.
Unknown command.
No target in view!
Partly explored, unvisited transporter.
Unknown command.
No target in view!
You swap places.
There is an escape hatch in the ceiling here.
Things that are here:
a +0 hand axe; a +0 whip; an orc skeleton The ogre shouts!
You hear a shout!
There is a transporter landing site here.
There is a transporter here.
You enter the transporter and appear at another place.
You barely miss the ogre. The ogre completely misses you.
Something hits Mozif!
You hit the ogre.
The ogre is lightly wounded.
Something closely misses Mozif.
The ogre barely misses you.
You hit the ogre.
The ogre is moderately wounded.
You hit the ogre.
The ogre is heavily wounded.
You barely miss Fractals's ghost. Fractals's ghost closely misses you.
The ogre barely misses you.
Mozif gestures at the ogre while chanting.
The puff of frost hits the ogre!
Fractals's ghost hits you!
You hit the ogre.
The ogre is almost dead.
You hit Fractals's ghost.
The ogre hits you with a +0 giant club!!
Ouch! That really hurt!
You die...
Hepliaklqana delivers you to your ancestors.

#.......# #......#.# #..
#.......# #......#.####.
#.......# #......#..# #.
#.......#########..###.#
#. ##
##########.....©#..#
#.###. .# #.#.#..#.#..#
#..##) .# #.#.[##..#.÷#
##..#. .#
#.#O.##W.#..#####..# .#
#.#@#..#$#§...# ##.. .#
#.#RWO..$#....# ### .#
#.#.#..#.#©...### # ##
#.#..##..#......# #
###### #.#..##..#...<#.#
# .....#
#.#.#..#.#...##.####
####.#
#####.#......#..###.....
#..#.#
#.....########.......###
#..#'#####......#
#...........'..


You could see the friendly Mozif the battlemage, 2 ogres and Fractals's ghost.

Vanquished Creatures
  4 adders
  A ribbon worm (D:2)
  3 ball pythons
  4 bats
  An endoplasm (D:3)
  4 giant cockroaches
  A goblin (D:1)
  2 hobgoblins
  2 jackals
  A quokka (D:3)
  4 frilled lizards
  4 kobolds
  7 rats
38 creatures vanquished.

Vanquished Creatures (collateral kills)
  An orc priest (D:3)
  2 adders (D:2)
  2 dart slugs
  2 orcs (D:3)
  A ball python (D:2)
  3 endoplasms
  A giant cockroach (D:2)
  2 goblins (D:2)
  A hobgoblin (D:3)
  2 jackals (D:3)
  A frilled lizard (D:2)
  2 kobolds (D:3)
  2 rats
22 creatures vanquished.

Grand Total: 60 creatures vanquished

Notes
Turn   | Place    | Note
-------+----------+-------------------------------------------
     0 | D:1      | innerfire43 the Demonspawn Monk began the quest for the
                  | Orb.
     0 | D:1      | Reached XP level 1. HP: 18/18 MP: 1/1
   227 | D:1      | Discovered your monstrous ancestry.
   227 | D:1      | Gained mutation: You have large cloven feet. [demonic
                  | ancestry]
   227 | D:1      | Reached XP level 2. HP: 24/24 MP: 2/2
   424 | D:1      | Found a faded altar of an unknown god.
   691 | D:1      | Prayed at the altar of an unknown god.
   691 | D:1      | Became a worshipper of Hepliaklqana the Forgotten
   691 | D:1      | Reached * piety under Hepliaklqana
   691 | D:1      | Reached ** piety under Hepliaklqana
   692 | D:1      | Remembered your ancestor Mozif as a battlemage
   966 | D:2      | Reached XP level 3. HP: 26/26 MP: 3/3
  1062 | D:2      | Found Alot's Antique Armour Shoppe.
  1087 | D:2      | Reached *** piety under Hepliaklqana
  1423 | D:2      | Gained mutation: You have sharp fingernails. [demonic
                  | ancestry]
  1423 | D:2      | Reached XP level 4. HP: 32/33 MP: 4/4
  1925 | D:3      | Reached skill level 4 in Fighting
  1994 | D:3      | Reached XP level 5. HP: 17/37 MP: 5/5
  2008 | D:3      | Noticed an ogre
  2064 | D:3      | Found a transporter.
  2066 | D:3      | Found a transporter.
  2066 | D:3      | Noticed Fractals's ghost (amateur MDFi)
  2067 | D:3      | Noticed an ogre
  2575 | D:3      | Slain by an ogre

Illustrated notes

Levels and vault maps discovered:
D:1:      amcnicky_arrival_choice, layout_loops_corners,
          ebering_ecumenical_altar_mist, kennysheep_flooded_box,
          minmay_tetromino_t2
D:2:      minmay_evil_eye, layout_loops_corners, serial_shops,
          nicolae_shop_tiny_real_fake_doors
D:3:      layout_basic, gammafunk_ghost_smash, corexii_leaking_fountain,
          st_stairs_7

Skill      XL: |  1  2  3  4 |
---------------+-------------+-----
Dodging        | 3 |  3.9
Axes           | 3 |  3.9
Fighting       | 4 |  4.3

Action                     |  1- 3 |  4- 6 || total
---------------------------+-------+-------++-------
  Melee: Hand axe          |    50 |    43 ||    93
         Kick              |     8 |     6 ||    14
 Invoke: Ancestor Life: Ba |     1 |       ||     1
    Use: Potion            |       |     1 ||     1
   Stab: Distracted        |       |     1 ||     1
 Armour: Robe              |    14 |       ||    14
         Ring mail         |    13 |    36 ||    49
  Dodge: Dodged            |    32 |    41 ||    73

Table legend: (Time is in decaauts)
 A = Elapsed time spent in this place.
 B = Non-inter-level travel time spent in this place.
 C = Inter-level travel time spent in this place.
 D = Time resting spent in this place.
 E = Time spent auto-exploring this place.
 F = Levels seen in this place.
 G = Mean time per level.
                   A        B        C        D        E       F      G
               +--------+--------+--------+--------+--------+-----+--------+
         Total |   2586 |   2421 |    165 |      0 |   2059 |   3 |  862.0 |
       Dungeon |   2586 |   2421 |    165 |      0 |   2059 |   3 |  862.0 |
               +--------+--------+--------+--------+--------+-----+--------+

Top non-repeatable levels by time:
     D:2: 979 daAuts
     D:1: 952 daAuts
     D:3: 655 daAuts
